 Dungeon Crawl Stone Soup version 0.32-a0-42-ga30500b4d3 (webtiles) character file.

Game seed: 14513567731989650838

89 promet the Gusty (level 4, -4/25 HPs)
             Began as a Deep Elf Air Elementalist on Jan 30, 2024.
             Killed by nerve-wracking pain
             ... invoked by an orc priest
              (7 damage)
             ... on level 3 of the Dungeon.
             The game lasted 00:11:39 (3033 turns).

promet the Gusty (Deep Elf Air Elementalist)        Turns: 3033, Time: 00:11:41

Health: -4/25      AC:  6    Str:  7    XL:     4   Next: 31%
Magic:  7/11       EV: 13    Int: 20    God:
Gold:   29         SH:  0    Dex: 15    Spells: 6/9 levels left

rFire   . . .        a - +2 short sword (venom)
rCold   . . .        (no shield)
rNeg    . . .        d - +0 robe
rPois   .            c - +1 helmet
rElec   .            (no cloak)
rCorr   .            k - +1 pair of gloves
SInv    .            (no boots)
Will    .....        (no amulet)
Stlth   ++           (no ring)
HPRegen 0.24/turn    (no ring)
MPRegen 0.12/turn

%: no passive effects
@: no status effects
A: no striking features
a: no special abilities


You were on level 3 of the Dungeon.
You visited 1 branch of the dungeon, and saw 3 of its levels.

You collected 71 gold pieces.
You spent 42 gold pieces at shops.

Inventory:

Hand Weapons
 a - a +2 short sword of venom (weapon)
 n - the +4 dagger "Sabif" {antimagic, Will+ Dex+4}
   (You found it on level 2 of the Dungeon)

   Dex+4:     It affects your dexterity (+4).
   Will+:     It increases your willpower.
 o - a +2 antimagic flail
Missiles
 g - 6 poisoned darts
 l - 18 stones
Armour
 c - a +1 helmet (worn)
 d - a +0 robe (worn)
 k - a +1 pair of gloves (worn)
Magical Staves
 f - a staff of cold
Potions
 b - 2 potions of magic
 e - a potion of berserk rage
 h - a potion of ambrosia
 i - a potion of resistance {unknown}
 j - 3 potions of attraction
 m - 2 potions of curing


   Skills:
 * Level 1.4 Fighting
 + Level 0.5 Short Blades
 + Level 2.8 Dodging
 + Level 3.2 Stealth
 + Level 3.4 Spellcasting
 + Level 1.9 Conjurations
 + Level 3.5 Air Magic


You had 6 spell levels left.
You knew the following spells:

 Your Spells              Type           Power      Damage    Failure   Level
a - Shock                 Conj/Air       56%        1d6       4%          1
b - Static Discharge      Conj/Air       28%        3-5/arc   7%          2

Your spell library contained the following spells:

 Spells                   Type           Power      Damage    Failure   Level
 Swiftness                Air            17%        N/A       10%         3
 Airstrike                Air            8%         2d(2-18)  32%         4


Dungeon Overview and Level Annotations

Branches:
Dungeon (3/15)

Altars:

Shops:
D:2 *

Annotations:
D:3 1 runed translucent door, Crazy Yiuf


Message History

The orc priest shouts!
Casting: Shock (safe; 4% risk of failure)
Confirm with . or Enter, or press ? or * to list all spells.
Aiming: Shock (safe; 4% risk of failure)
Press: ? - help, Shift-Dir - straight line, f - orc priest
Aim: an orc priest, wielding a +0 hand axe and wearing a +0 leather armour (71% to hit)
The zap hits the orc priest.
The orc priest is moderately wounded.
The orc priest invokes the aid of Beogh against you.
Beogh smites you!
The orc priest hits you but does no damage.
Casting: Shock (safe; 4% risk of failure)
Confirm with . or Enter, or press ? or * to list all spells.
The orc priest is struck by an arc of lightning.
The orc priest is heavily wounded.
You are struck by an arc of lightning.
The lightning grounds out.
The orc priest barely misses you.
You hit the orc priest.
The orc priest is poisoned.
The orc priest is heavily wounded.
The orc priest hits you with a +0 hand axe.
You barely miss the orc priest.
The orc priest is heavily wounded.
The orc priest misses you.
You barely miss the orc priest.
The orc priest is severely wounded.
The orc priest hits you with a +0 hand axe.
* * * LOW HITPOINT WARNING * * *
You closely miss the orc priest.
The orc priest is almost dead.
The orc priest hits you with a +0 hand axe.
* * * LOW HITPOINT WARNING * * *
Casting: Static Discharge (safe; 7% risk of failure)
Confirm with . or Enter, or press ? or * to list all spells.
Aiming: Shock (safe; 4% risk of failure)
Press: ? - help, Shift-Dir - straight line, f/p - orc priest
Aim: an orc priest, wielding a +0 hand axe and wearing a +0 leather armour (almost dead, very poisoned, 71% to hit)
The zap misses the orc priest.
The orc priest invokes the aid of Beogh against you.
Pain shoots through your body!
You die...

#.# ### #.# ..# ###.####
########## #.# #......#
#........# #.# #....#.#
#.######.# ###.######......#
#)# #.#
................###.######.#
###.####.......o@.).....##.#
#.# ##)......###.###.##.#
..# ##.)....# #........#
#### #..†...# #####.####
###.#### #.# #.# #####.###
#'# #.†.....# ... #.###.#.#
..... #.###.#.#


You could see an orc priest (poisoned).

Vanquished Creatures
  An orc wizard (D:3)
  2 adders (D:2)
  3 dart slugs
  3 orcs (D:3)
  5 bats
  A giant cockroach (D:1)
  3 goblins
  A hobgoblin (D:1)
  A quokka (D:2)
  9 ball pythons
  3 frilled lizards
  4 kobolds
  4 rats
40 creatures vanquished.

Vanquished Creatures (collateral kills)
  A quokka (D:1)
1 creature vanquished.

Grand Total: 41 creatures vanquished

Notes
Turn   | Place    | Note
-------+----------+-------------------------------------------
     0 | D:1      | promet the Deep Elf Air Elementalist began the quest for
                  | the Orb.
     0 | D:1      | Reached XP level 1. HP: 10/10 MP: 6/6
   656 | D:1      | Reached XP level 2. HP: 14/16 MP: 8/8
   687 | D:1      | Learned a level 2 spell: Static Discharge
  1170 | D:1      | Reached skill level 1 in Fighting
  1521 | D:2      | Reached XP level 3. HP: 13/20 MP: 9/9
  1842 | D:2      | Found a faded altar of an unknown god.
  2069 | D:2      | Found Riawnos's General Store.
  2086 | D:2      | Bought a potion of curing for 42 gold pieces
  2123 | D:2      | Identified the +4 dagger "Sabif" {antimagic, Will+ Dex+4}
  2580 | D:3      | Found a runed translucent door.
  2581 | D:3      | Noticed Crazy Yiuf
  2779 | D:3      | Reached XP level 4. HP: 17/25 MP: 7/11
  3033 | D:3      | Killed from afar by an orc priest

Illustrated notes

Levels and vault maps discovered:
D:1:      reono_arrival_mine, layout_loops_corners, serial_glass,
          glass_columns_a, glass_columns_b, glass_columns_a, glass_columns_b,
          glass_columns_a, glass_columns_c, glass_columns_b, glass_columns_c
D:2:      layout_loops_ring, hellmonk_ecumenical_altar_lost_god, serial_shops,
          nicolae_shop_pleasant_corner_grove
D:3:      layout_loops_corners, amethyst_overflow_temple_binary,
          uniq_crazy_yiuf_cottage, uniq_jessica

Skill      XL: |  1  2  3 |
---------------+----------+-----
Fighting       | 1 |  1.4
Stealth        | 3 |  3.2
Short Blades   | |  0.5
Dodging        | |  2.8
Spellcasting   | |  3.4
Conjurations   | |  1.9
Air Magic      | |  3.5

Action                     |  1- 3 |  4- 6 || total
---------------------------+-------+-------++-------
  Melee: Short sword       |    50 |     7 ||    57
   Cast: Shock             |    32 |     6 ||    38
         Static Discharge  |     2 |     1 ||     3
    Use: Scroll            |    10 |       ||    10
   Stab: Sleeping          |     3 |       ||     3
 Armour: Robe              |    32 |     6 ||    38
  Dodge: Dodged            |    25 |     3 ||    28

Table legend: (Time is in decaauts)
 A = Elapsed time spent in this place.
 B = Non-inter-level travel time spent in this place.
 C = Inter-level travel time spent in this place.
 D = Time resting spent in this place.
 E = Time spent auto-exploring this place.
 F = Levels seen in this place.
 G = Mean time per level.
                   A        B        C        D        E       F      G
               +--------+--------+--------+--------+--------+-----+--------+
         Total |   3030 |   2954 |     76 |    989 |    635 |   3 | 1010.0 |
       Dungeon |   3030 |   2954 |     76 |    989 |    635 |   3 | 1010.0 |
               +--------+--------+--------+--------+--------+-----+--------+

Top non-repeatable levels by time:
     D:1: 1506 daAuts
     D:2: 1056 daAuts
     D:3: 467 daAuts
